 Dungeon Crawl Stone Soup version 0.31-a0-806-g0bc164a743 (webtiles) character file.

Game seed: 6430999532805103315

70361 scionoferis the Spear-Bearer (level 15, -1/128 HPs)
             Began as a Hill Orc Necromancer on Sept 20, 2023.
             Was the Champion of Beogh.
             Slain by an ettin
             ... wielding a +0 dire flail
              (29 damage)
             ... on level 2 of the Orcish Mines on Sept 21, 2023.
             The game lasted 02:47:13 (34753 turns).

scionoferis the Spear-Bearer (HONe)                Turns: 34753, Time: 02:47:13

Health: -1/128     AC: 18    Str: 13    XL:     15   Next: 33%
Magic:  0/22       EV: 19    Int: 17    God:    Beogh [******]
Gold:   1178       SH: 12    Dex: 15    Spells: 17/18 levels left

rFire   . . .        a - +2 trident
rCold   . . .        n - +0 kite shield
rNeg    . . .        M - +0 swamp dragon scales
rPois   +            N - +2 hat
rElec   .            L - scarf {repulsion}
rCorr   .            J - +2 pair of gloves
SInv    .            o - +1 pair of boots {Stlth+}
Will    ++...        G - amulet of guardian spirit
Stlth   +++          v - ring of willpower
HPRegen 0.41/turn    q - +5 ring of evasion
MPRegen 0.18/turn

%: repel missiles, guardian spirit
@: marked
A: walk on water, wild magic 1
a: Renounce Religion, Smiting, Recall Orcish Followers, Give Item to Named
Follower, Resurrection


You were on level 2 of the Orcish Mines.
You worshipped Beogh.
Beogh was exalted by your worship.
You visited 3 branches of the dungeon, and saw 20 of its levels.
You also visited: Sewer.

You collected 1660 gold pieces.
You spent 482 gold pieces at shops.


Innate Abilities, Weirdness & Mutations

You can walk on water.
Your spells are a little harder to cast, but a little more powerful.


   Skills:
 + Level 10.9 Fighting
 - Level 14.0 Polearms
 + Level 10.8 Armour
 - Level 10.0 Dodging
 - Level 5.0 Stealth
 + Level 10.6 Shields
 - Level 2.0 Spellcasting
 - Level 4.0 Necromancy
 - Level 10.0 Invocations
 - Level 9.0 Evocations


You had 17 spell levels left.
You knew the following spells:

 Your Spells              Type           Power      Damage    Failure   Level
a - Necrotise             Necr           80%        1d8       22%         1

Your spell library contained the following spells:

 Spells                   Type           Power      Damage    Failure   Level
 Vampiric Draining        Necr           20%        2d7       52%         3
 Lesser Beckoning         Tloc           4%         N/A       83%         2
 Animate Dead             Necr           20%        N/A       89%         4
 Dazzling Flash           Conj/Hex       4%         N/A       96%         3
 Gell's Gravitas          Tloc           2%         N/A       96%         3
 Stone Arrow              Conj/Erth      4%         3d7       96%         3
 Teleport Other           Tloc           2%         N/A       96%         3
 Volatile Blastmotes      Fire/Tloc      4%         2d10      96%         3
 Agony                    Necr           20%        N/A       99%         5
 Animate Armour           Summ/Erth      4%         N/A       100%        4
 Brom's Barrelling Bould  Conj/Erth      2%         2d3       100%        4
 Fireball                 Conj/Fire      1%         3d3       100%        5
 Iskenderun's Battlesphe  Conj           2%         2d6       100%        5
 Conjure Ball Lightning   Conj/Air       1%         3x3d6     100%        6
 Starburst                Conj/Fire      1%         6d3       100%        6
 Haunt                    Necr/Summ      5%         N/A       100%        7
 Orb of Destruction       Conj           1%         9d5       100%        7
 Infestation              Necr           10%        N/A       100%        8
 Lehudib's Crystal Spear  Conj/Erth      1%         10d2      100%        8
 Maxwell's Capacitive Co  Air            1%         ∞         100%        8

Inventory:

Hand Weapons
 a - a +2 trident (weapon)
   (You took it off a wight on level 10 of the Dungeon)
Missiles
 i - 30 poisoned darts (quivered)
 j - 2 throwing nets
 C - 13 boomerangs
 O - 3 curare-tipped darts
Armour
 n - a +0 kite shield (worn)
   (You took it off a gnoll sergeant on level 9 of the Dungeon)
 o - a +1 pair of boots of stealth (worn)
   (You bought it in a shop on level 6 of the Dungeon)
 J - a +2 pair of gloves (worn)
   (You bought it in a shop on level 6 of the Dungeon)
 L - a scarf of repulsion (worn)
   (You found it on level 6 of the Dungeon)
 M - +0 swamp dragon scales (worn)
   (You found it on level 6 of the Dungeon)
 N - a +2 hat (worn)
   (You found it on level 10 of the Dungeon)
Jewellery
 b - a ring of ice
   (You found it on level 12 of the Dungeon)
 q - a +5 ring of evasion (right hand)
   (You found it on level 8 of the Dungeon)
 v - a ring of willpower (left hand)
   (You found it on level 9 of the Dungeon)
 F - a ring of fire
   (You found it on level 4 of the Dungeon)
 G - an amulet of guardian spirit (around neck)
   (You found it on level 5 of the Dungeon)
 H - a ring of ice
   (You found it on level 3 of the Lair of Beasts)
 U - a ring of see invisible
   (You found it on level 8 of the Dungeon)
Wands
 k - a wand of iceblast (21)
   (You found it on level 9 of the Dungeon)
 D - a wand of paralysis (7)
   (You took it off a wight on level 9 of the Dungeon)
 Q - a wand of polymorph (16)
   (You took it off Eustachio on level 8 of the Dungeon)
 Y - a wand of light (13)
   (You found it on level 8 of the Dungeon)
Scrolls
 f - 6 scrolls of fog
 g - 2 scrolls of poison
 h - 2 scrolls of teleportation
 r - 2 scrolls of revelation
 u - 5 scrolls of vulnerability
 w - a scroll of immolation
 y - a scroll of acquirement
 I - a scroll of silence
 K - a scroll of fear {unknown}
 Z - a scroll of blinking {unknown}
Potions
 c - 5 potions of heal wounds
 d - 2 potions of haste {unknown}
 e - 5 potions of brilliance {unknown}
 l - 5 potions of curing {unknown}
 m - 3 potions of might
 p - 4 potions of mutation
 s - a potion of berserk rage
 t - a potion of invisibility {unknown}
 z - a potion of cancellation {unknown}
 A - 2 potions of resistance {unknown}
 B - a potion of enlightenment
 E - 4 potions of lignification {unknown}
 P - 3 potions of attraction {unknown}
 R - 2 potions of ambrosia {unknown}

Dungeon Overview and Level Annotations

Branches:
Dungeon (13/15)            Temple (0/1) D:7            Lair (5/5) D:9
  Swamp (0/4) Lair:2        Snake (0/4) Lair:2        Slime (0/5) Lair:5
    Orc (2/2) D:9             Elf (0/3) Orc:2         Sewer (visited)
 Vaults: D:13-14

Altars:
Dithmenos
Elyvilon
Kikubaaqudgha
Okawaru
Qazlal
Ru
Sif Muna
Trog
Uskayaw
Vehumet
Wu Jian
Yredelemnul
The Shining One
Beogh
Jiyva

Shops:
D:2 =   D:6 ([[[=   D:9 =[:   D:10 [   D:12 !   Orc:2 [*

Annotations:
D:10 Nergalle
D:12 exclusions: smoke demon and soul eater
D:13 Josephine, Lodul, Nessos
Lair:1 2 transporters, exclusion: 2 oklob plants, Shayle's ghost, journeyman OgHs

# # ##.. ## ##...####### ####.
##.#........### ##.###
###....P.P..P.P.# #....#
###.#.........P...### ##.....
##......#.P..........######......
#....#.#........@§.....##.#.....#
##.##.......8o∩.C...............#
#........(.....)((........#......
#........o.P.........#..##.......
........)#.....PP..########......
.....Po).#.....P.P.# ##.#...
.....o.3o.o#.C.....# #.#....
P....8........##C..# #......#
...∩.........C.##.#.. ##......


You could see an ettin, 2 cyclopes, an orc sorcerer (ally target), a friendly
orc priest (strong) and a friendly orc (strong).


Message History

The bolt of light hits the orc warlord!
The orc warlord is lightly wounded.
The orc warlord is blinded.
The bolt of light hits the warg!!
You kill the warg!
Beogh accepts your kill.
Ortolf looks more experienced.
You hit the orc warlord but do no damage.
The orc warlord is lightly wounded.
You block the orc warlord's attack.
You hit the orc warlord but do no damage.
The orc warlord is lightly wounded.
Ortolf hits the orc warlord but does no damage.
You catch the helpless orc warlord completely off-guard!
You hit the orc warlord but do no damage.
The orc warlord is lightly wounded.
Ortolf hits the orc warlord with a +1 dagger.
The orc warlord misses you.
You hit the orc warlord but do no damage.
The orc warlord is lightly wounded.
Ortolf hits the orc warlord but does no damage.
You closely miss the orc warlord.
The orc warlord is lightly wounded.
The orc warlord hits you with a +2 heavy long sword!
You puncture the orc warlord!
The orc warlord is moderately wounded.
The orc warlord is no longer blind.
Ortolf hits the orc warlord but does no damage.
You hit the orc warlord but do no damage.
The orc warlord is moderately wounded.
Your orc warrior hits the orc warlord but does no damage.
Ortolf hits the orc warlord but does no damage.
The orc warlord hits you with a +2 heavy long sword!
You hit the orc warlord but do no damage.
The orc warlord is moderately wounded.
Your orc warrior hits the orc warlord but does no damage.
You hit the orc warlord but do no damage.
The orc warlord is moderately wounded.
Ortolf hits the orc warlord with a +1 dagger.
Your orc warrior hits the orc warlord from afar with a +0 trident!
The orc warlord hits you with a +2 heavy long sword!!
You hit the orc warlord but do no damage.
The orc warlord is moderately wounded.
Ortolf closely misses the orc warlord.
Aiming: Paralyse
Press: ? - help, Shift-Dir - straight line, f/p - orc warlord
Aim: an orc warlord, wielding a +2 heavy long sword and wearing a +4 plate armour of poison resistance (moderately wounded, ally target, chance to affect: 34%)
The orc warlord easily resists.
Your orc warrior hits the orc warlord from afar with a +0 trident!
Ortolf barely misses the orc warlord.
The orc warlord hits you with a +2 heavy long sword!!
Aiming: Paralyse
Press: ? - help, Shift-Dir - straight line, f/p - orc warlord
Aim: an orc warlord, wielding a +2 heavy long sword and wearing a +4 plate armour of poison resistance (heavily wounded, ally target, chance to affect: 34%)
The orc warlord easily resists.
Your orc warrior closely misses the orc warlord.
Ortolf barely misses the orc warlord.
Aiming: Paralyse
Press: ? - help, Shift-Dir - straight line, f/p - orc warlord
Aim: an orc warlord, wielding a +2 heavy long sword and wearing a +4 plate armour of poison resistance (heavily wounded, ally target, chance to affect: 34%)
The orc warlord suddenly stops moving!
Your orc warrior hits the orc warlord from afar with a +0 trident.
Ortolf casts a spell at the orc warlord.
The magic dart hits the orc warlord!
You are too injured to fight recklessly!
You are too injured to fight recklessly!
You are too injured to fight recklessly!
You are too injured to fight recklessly!
You are too injured to fight recklessly!
The helpless orc warlord fails to defend itself.
You hit the orc warlord but do no damage.
The orc warlord is heavily wounded.
Your orc warrior hits the orc warlord from afar with a +0 trident.
Ortolf hits the orc warlord with a +1 dagger.
The helpless orc warlord fails to defend itself.
You impale the orc warlord!!
The orc warlord is almost dead.
Your orc warrior hits the orc warlord from afar with a +0 trident.
The helpless orc warlord fails to defend itself.
You hit the orc warlord.
The orc warlord is almost dead.
Ortolf hits the orc warlord but does no damage.
Your orc warrior hits the orc warlord from afar with a +0 trident.
The helpless orc warlord fails to defend itself.
You hit the orc warlord.
The orc warlord is almost dead.
Ortolf hits the orc warlord but does no damage.
The helpless orc warlord fails to defend itself.
You puncture the orc warlord!
You kill the orc warlord!
Beogh accepts your kill.
Your orc warrior looks more experienced.
Ortolf looks more experienced.
You swap places.
You now have 661 gold pieces (gained 9).
Items here: )) [[ †.
Okay, then.
There is a staircase to the Orcish Mines here.
You start resting.
Magic restored.
You start resting.
HP restored.
What are your orders? t - Shout!
Orders for allies: a - Attack new target. r - Retreat! s - Stop attacking. g - Guard the area. f - Follow me.
Anything else - Cancel.
Retreat in which direction?
Press: ? - help, Dir - move target Fall back!
You climb downwards.
Welcome back to the Orcish Mines!
Level annotation: Gastronok
There is a staircase back to the Dungeon, spattered with blood here.
A warg comes into view.
The warg howls!
You hear a shout! x4
The orc completely misses you.
Gastronok waves his eye-stalks in wide circles.
The air twists around and strikes you!
There is a staircase back to the Dungeon, spattered with blood here.
The orc closely misses you.
You climb upwards.
Welcome back to the Dungeon!
There is a staircase to the Orcish Mines here.
You puncture the orc!
The orc is almost dead.
You block the orc's attack.
You closely miss the orc.
The orc is almost dead.
You closely miss the orc.
The orc is almost dead.
You block the orc's attack.
You puncture the orc!
You kill the orc!
Beogh accepts your kill.
No target in view!
You now have 674 gold pieces (gained 13).
Things that are here:
a +0 trident; an orc corpse
There is a staircase to the Orcish Mines here.
You start resting.
Magic restored.
You start resting.
HP restored.
You climb downwards.
Welcome back to the Orcish Mines!
Level annotation: Gastronok The orc wizard shouts!
You hear a shout!
The warg closely misses you.
An orc comes into view. It is wielding a +0 mace.
The orc stares at you in amazement and kneels.
It shouts, "Surely Beogh must have sent you!"
An ogre comes into view. It is wielding a +0 giant spiked club.
You block the warg's attack.
There is a staircase back to the Dungeon, spattered with blood here.
You hit the warg but do no damage. The warg barely misses you.
You closely miss the warg. You block the orc wizard's attack.
The warg bites you but does no damage. The warg closely misses you.
You block the orc wizard's attack.
You climb upwards.
Welcome back to the Dungeon!
There is a staircase to the Orcish Mines here.
You puncture the warg!
The warg is moderately wounded.
You block the warg's attack. You block the orc wizard's attack.
You puncture the warg!
The warg is heavily wounded.
The warg barely misses you.
Your orc warrior hits the orc wizard from afar with a +0 trident!
You hit the warg.
The warg is severely wounded.
The orc wizard closely misses you. The warg bites you but does no damage.
You miss the warg.
The warg is severely wounded.
Your orc warrior hits the orc wizard from afar with a +0 trident.
You block the warg's attack.
The orc wizard hits you but does no damage.
You hit the orc wizard but do no damage.
The orc wizard is almost dead.
Your orc warrior hits the orc wizard from afar with a +0 trident.
The orc wizard dies!
Beogh accepts your kill.
Your orc warrior looks more experienced.
The warg bites you but does no damage.
You barely miss the warg.
The warg is severely wounded.
You block the warg's attack.
You hit the warg.
The warg is severely wounded.
You block the warg's attack.
You hit the warg.
The warg is severely wounded.
Your orc warrior hits the warg from afar with a +0 trident!
The warg bites you!
You puncture the warg!
You kill the warg!
Beogh accepts your kill.
You start resting.
Magic restored.
You start resting.
HP restored.
You climb downwards.
Welcome back to the Orcish Mines!
Level annotation: Gastronok The ogre hits your orc with a +0 giant spiked club!
Your orc dies!
There is a staircase back to the Dungeon, spattered with blood here.
You reach to attack!
You puncture Gastronok!
Gastronok is lightly wounded.
You reach to attack!
You hit Gastronok.
Gastronok is lightly wounded.
An orc comes into view. It is wielding a +0 club.
The orc stares at you in amazement and kneels.
It says, "I'm so glad you are here now."
Gastronok bubbles merrily.
You reach to attack!
You hit Gastronok.
Gastronok is lightly wounded.
You reach to attack!
You hit Gastronok but do no damage.
Gastronok is lightly wounded.
The ogre barely misses you.
You climb upwards.
Welcome back to the Dungeon!
There is a staircase to the Orcish Mines, spattered with blood here.
You barely miss the ogre.
Ortolf hits the ogre with a +1 dagger.
You puncture the ogre!
The ogre is heavily wounded.
The ogre completely misses you.
You puncture the ogre!
The ogre is severely wounded.
Ortolf casts a spell at the ogre.
The ogre resists with significant effort.
You barely miss the ogre.
The ogre is severely wounded.
The ogre closely misses you.
You puncture the ogre!
The ogre is almost dead.
Your orc warrior hits the ogre from afar with a +0 trident!
The ogre dies!
Beogh accepts your kill.
Your orc warrior looks more experienced.
What are your orders? t - Shout!
Orders for allies: a - Attack new target. r - Retreat! s - Stop attacking. g - Guard the area. f - Follow me.
Anything else - Cancel.
Retreat in which direction?
Press: ? - help, Dir - move target Fall back!
You now have 687 gold pieces (gained 13).
Items here: )) [ ††.
Done exploring.
There is a staircase to the Orcish Mines, spattered with blood here.
You climb downwards.
Welcome back to the Orcish Mines!
Level annotation: Gastronok
There is a staircase back to the Dungeon, spattered with blood here.
An orc wizard comes into view. It is wielding a +0 dagger.
The orc wizard gestures at you while chanting.
The puff of flame misses you.
Found 21 gold pieces.
Your orc throws a boomerang.
The orc wizard points at you and mumbles some strange words.
The magic dart hits you but does no damage.
Your orc throws a boomerang.
An orc warrior comes into view. It is wielding a +0 glaive.
The orc warrior stares at you in amazement and kneels.
It shouts, "Surely Beogh must have sent you!"
Your orc throws a boomerang.
You hit the orc wizard.
The orc wizard is lightly wounded.
You barely miss the orc wizard.
The orc wizard is lightly wounded.
The orc wizard completely misses you.
You barely miss the orc wizard.
The orc wizard is lightly wounded.
Beogh accepts your kill.
Beogh appreciates your killing of a heretic priest.
You feel a bit more experienced. You block the orc wizard's attack.
You barely miss the orc wizard.
The orc wizard is lightly wounded.
Beogh accepts your kill.
You feel a bit more experienced.
The orc wizard hits you but does no damage.
You puncture the orc wizard!
The orc wizard is almost dead.
You hit the orc wizard but do no damage.
The orc wizard is almost dead.
The orc wizard misses you.
You hit the orc wizard.
You kill the orc wizard!
Beogh accepts your kill. x2
You feel a bit more experienced.
Found a flail.
Beogh accepts your kill.
Beogh appreciates your killing of a heretic priest.
Beogh blesses a follower with healing.
You feel a bit more experienced.
Beogh blesses a follower with improved armour.
Beogh accepts your kill.
You feel a bit more experienced.
Throw: 33 darts (poison)
Press: ? - help, Q - select action, (/) - cycle Shift-Dir - straight line, f - Gastronok
Aim: Gastronok, wearing a +2 hat (lightly wounded, wandering, hasn't noticed you, 93% to hit)
You throw a poisoned dart. The poisoned dart hits Gastronok.
Gastronok is poisoned.
Gastronok gurgles horribly!
Gastronok is lightly wounded.
Throw: 32 darts (poison)
Press: ? - help, Q - select action, (/) - cycle Shift-Dir - straight line, f/p - Gastronok
Aim: Gastronok, wearing a +2 hat (lightly wounded, ally target, 93% to hit)
You throw a poisoned dart. The poisoned dart hits Gastronok.
Gastronok is lightly wounded.
Gorm hits Gastronok from afar with a +0 glaive!!
Throw: 31 darts (poison)
Press: ? - help, Q - select action, (/) - cycle Shift-Dir - straight line, f/p - Gastronok
Aim: Gastronok, wearing a +2 hat (moderately wounded, ally target, 93% to hit)
You throw a poisoned dart. The poisoned dart hits Gastronok.
Gastronok is poisoned.
Gastronok is moderately wounded.
Gorm hits Gastronok from afar with a +0 glaive!
Throw: 30 darts (poison)
Press: ? - help, Q - select action, (/) - cycle Shift-Dir - straight line, f/p - Gastronok
Aim: Gastronok, wearing a +2 hat (moderately wounded, poisoned, ally target, 93% to hit)
You throw a poisoned dart. The poisoned dart hits Gastronok.
Gastronok looks even sicker.
Gastronok is moderately wounded.
Gorm hits Gastronok from afar with a +0 glaive!!
Throw: 29 darts (poison)
Press: ? - help, Q - select action, (/) - cycle Shift-Dir - straight line, f/p - Gastronok
Aim: Gastronok, wearing a +2 hat (heavily wounded, very poisoned, ally target, 93% to hit)
You throw a poisoned dart. The poisoned dart hits Gastronok.
Gastronok looks even sicker.
Gastronok is heavily wounded.
Gorm hits Gastronok from afar with a +0 glaive!!
Gorm hits Gastronok from afar with a +0 glaive.
You feel briefly sluggish.
Gorm hits Gastronok from afar with a +0 glaive!
You reach to attack!
You puncture Gastronok!
Gastronok is severely wounded.
Gorm hits Gastronok from afar with a +0 glaive!
You feel a sudden, passing aversion to salt.
You reach to attack!
You puncture Gastronok!
Gastronok is almost dead.
Gorm hits Gastronok from afar with a +0 glaive!!
Gastronok dies!
Beogh accepts your kill.
Gorm looks more experienced.
i - 29 poisoned darts (gained 1)
Things that are here:
a +2 hat; the elephant slug corpse of Gastronok Unknown command.
i - 31 poisoned darts (gained 2)
i - 32 poisoned darts (gained 1)
There is a stone staircase leading down here.
Things that are here:
a +0 giant club; a +0 club; a gnoll skeleton
Items here: )) [[ ÷÷.
C - 13 boomerangs (gained 3)
Things that are here:
a +0 club; an orc corpse
i - 33 poisoned darts (gained 1)
You now have 736 gold pieces (gained 49).
Things that are here:
a +0 dagger; a +0 robe
Found a roughly hewn altar of Beogh.
Found a stone staircase leading down.
You now have 764 gold pieces (gained 28).
Things that are here:
a +0 falchion; an orc corpse You now have 786 gold pieces (gained 22).
Things that are here:
a +0 hand axe; a +0 ring mail You now have 844 gold pieces (gained 58).
Items here: )) ††.
You now have 876 gold pieces (gained 32).
You now have 897 gold pieces (gained 21).
You swap places.
You now have 916 gold pieces (gained 19).
You now have 939 gold pieces (gained 23).
You now have 964 gold pieces (gained 25).
Things that are here:
a +0 flail; an orc corpse You now have 995 gold pieces (gained 31).
Things that are here:
a +0 ring mail; a +0 dagger; an orc skeleton
Things that are here:
a +0 chain mail; a +0 short sword You now have 1019 gold pieces (gained 24).
Things that are here:
a +0 robe; a +0 dagger; an orc skeleton You now have 1039 gold pieces (gained 20).
You see here a +0 hand axe.
The orc stares at you in amazement and kneels.
It shouts, "I'll follow thee gladly!"
An orc comes into view. It is wielding a +0 mace.
Found 9 gold pieces.
Your orc completely misses something.
An orc warrior comes into view. It is wielding a +0 scimitar.
The orc warrior falls on its knees before you.
It says, "I'm so glad you are here now."
The orc wizard falls on its knees before you.
It says, "I'm so glad you are here now."
The orc stares at you in amazement and kneels.
An orc wizard and an orc come into view.
Your orc is wielding a +2 mace of protection.
Your orc wizard moves out of view.
An orc warrior comes into view. It is wielding a +0 long sword.
Found a stone staircase leading down.
The orc warrior shouts!
An orc comes into view. It is wielding a +0 club.
The orc relaxes its fighting stance and smiles at you.
You reach to attack!
You barely miss the orc warrior.
You could not reach far enough!
The orc warrior hits your orc wizard with a +0 long sword!
Your orc wizard barely misses the orc warrior.
You could not reach far enough!
Gorm hits the orc warrior from afar with a +0 glaive!
Your orc closely misses the orc warrior.
The orc warrior hits your orc warrior with a +0 long sword!
You could not reach far enough!
Gorm completely misses the orc warrior.
Your orc closely misses the orc warrior.
The orc warrior hits your orc warrior with a +0 long sword.
Your orc hits the orc warrior but does no damage.
You reach to attack!
You closely miss the orc warrior.
The orc warrior is moderately wounded.
You could not reach far enough!
Gorm hits the orc warrior from afar with a +0 glaive!
Your orc hits the orc warrior but does no damage.
Your orc completely misses the orc warrior.
Your orc warrior hits the orc warrior but does no damage.
The orc warrior hits your orc warrior with a +0 long sword!
You could not reach far enough!
Your orc hits the orc warrior but does no damage. x2
The orc warrior hits your orc warrior with a +0 long sword.
Your orc wizard hits the orc warrior but does no damage.
Gorm hits the orc warrior but does no damage.
Your orc warrior hits the orc warrior with a +0 scimitar!
The orc warrior dies!
Beogh accepts your kill.
Your orc warrior looks more experienced.
No target in view!
You swap places.
You now have 1048 gold pieces (gained 9).
You swap places.
You now have 1072 gold pieces (gained 24).
You now have 1093 gold pieces (gained 21).
You now have 1113 gold pieces (gained 20).
You now have 1120 gold pieces (gained 7).
You swap places.
A warg comes into view.
The warg howls!
You block the warg's attack.
You hit the warg but do no damage. You block the warg's attack.
You puncture the warg!
The warg is moderately wounded.
Gorm hits the warg from afar with a +0 glaive!!
Your orc wizard gestures wildly while chanting.
Your orc wizard flickers and vanishes for a moment.
The warg misses you.
You hit the warg.
The warg is almost dead.
Gorm hits the warg from afar with a +0 glaive!!
The warg dies!
Beogh accepts your kill.
Gorm looks more experienced.
No target in view!
No target in view!
You swap places.
You now have 1146 gold pieces (gained 26).
The orc stares at you in amazement and kneels.
It asks, "Are you our saviour?"
An orc comes into view. It is wielding a +0 dagger.
You now have 1166 gold pieces (gained 20).
Things that are here:
a +0 mace; an orc corpse You swap places.
You swap places.
You swap places.
You swap places.
You swap places.
You swap places.
You now have 1178 gold pieces (gained 12).
You swap places.
You swap places.
Things that are here:
a +0 long sword; a +0 plate armour; an orc corpse
Things that are here:
a +0 ring mail; a +0 dagger You swap places.
You swap places.
You swap places.
You swap places.
You swap places.
You swap places.
You swap places.
Key pressed, stopping explore.
Unknown command.
You start waiting.
Done waiting.
You swap places.
Done exploring.
Done exploring.
Search for what [Enter for "orc", or ? for help]? orc Unknown command.
You swap places.
You swap places.
You swap places.
There is a stone staircase leading down here.
What are your orders? t - Shout!
Orders for allies: a - Attack new target. r - Retreat! s - Stop attacking. g - Guard the area. f - Follow me.
Anything else - Cancel.
Retreat in which direction?
Press: ? - help, Dir - move target, f - you
Okay, then.
Unknown command.
Press: ? - help, v - describe, . - travel
Here: an orc warrior, wielding a +0 scimitar and wearing a +0 plate armour (friendly)
The floor.
Unknown command.
What are your orders? t - Shout!
Orders for allies: a - Attack new target. r - Retreat! s - Stop attacking. g - Guard the area. f - Follow me.
Anything else - Cancel.
Retreat in which direction?
Press: ? - help, Dir - move target Fall back!
Unknown command.
You climb downwards.
Found 20 gold pieces.
Found a staircase to the Elven Halls and a stone staircase leading up.
There is a stone staircase leading up here.
The warg howls!
You reach to attack!
You puncture the warg!
The warg is moderately wounded.
You block the warg's attack.
You hit the warg but do no damage.
The warg is moderately wounded.
You hit the warg.
The warg is moderately wounded.
You block the warg's attack.
You hit the warg.
The warg is moderately wounded.
The warg bites you but does no damage.
You hit the warg.
The warg is moderately wounded.
The warg barely misses you.
You hit the warg.
The warg is heavily wounded.
The warg closely misses you.
You hit the warg.
The warg is heavily wounded.
The warg misses you.
You puncture the warg!
The warg is almost dead.
The warg misses you.
You puncture the warg!
You kill the warg!
Beogh accepts your kill.
No target in view!
You see here a warg corpse.
Found a stone staircase leading up.
Found 27 gold pieces.
A warg comes into view.
Found 19 gold pieces.
The orc relaxes its fighting stance and smiles at you.
It asks, "Are you our saviour?"
An orc and an orc sorcerer come into view.
Your orc hits the warg with a +0 club.
Unknown command.
You're wearing all the rings you can.
Remove which one? (? for menu, Esc to cancel) < or
F - a ring of fire; > or
q - a +5 ring of evasion You remove your ring of fire.
v - a ring of willpower (left hand)
The orc sorcerer shouts!
The orc sorcerer hits something with a +0 dagger.
An orc comes into view. It is wielding a +0 club.
The orc falls on its knees before you. Something hits your orc.
Your orc is poisoned.
Your orc hits something with a +0 club.
You start waiting.
You block the warg's attack.
You closely miss the warg.
The warg is lightly wounded.
The warg bites you!
You closely miss the warg.
The warg is lightly wounded.
The warg bites you but does no damage.
You hit the warg.
The warg is moderately wounded.
Something closely misses the warg.
You barely miss the warg.
The warg is moderately wounded.
The warg completely misses you.
You puncture the warg!
The warg is almost dead.
The warg bites you.
You closely miss the warg.
The warg is almost dead.
You block the warg's attack.
You barely miss the warg.
The warg is almost dead.
The warg completely misses you.
You hit the warg.
The warg is almost dead.
You block the warg's attack.
You hear a shout! x3
You hit the warg but do no damage.
The warg is almost dead.
The warg misses you.
You hit the warg but do no damage.
The warg is almost dead.
You block the warg's attack.
You puncture the warg!
You kill the warg!
Beogh accepts your kill.
An ogre comes into view. It is wielding a +0 giant club.
You hear a shout!
The orc sorcerer shouts!
The orc sorcerer casts a spell.
An orc comes into view. It is wielding a +2 dagger of venom.
The orc relaxes its fighting stance and smiles at you.
It asks, "Are you our saviour?"
You see here a warg corpse.
Unknown command.
Something hits you but does no damage.
Deactivating autopickup; reactivate with Ctrl-A.
Unknown command.
You puncture something! Beogh accepts your kill.
Reactivating autopickup.
You feel a bit more experienced. Beogh blesses you with reinforcements.
The ynoxinul gestures.
Items here: ) [ ††.
Reach: a) +2 trident
Press: ? - help, Dir - move target, f - orc sorcerer
Aim: an orc sorcerer, wielding a +0 dagger and wearing a +0 robe (lightly wounded, ally target, about 34% to evade your +2 trident)
You reach to attack!
You puncture the orc sorcerer!
The orc sorcerer is heavily wounded.
The ynoxinul gestures.
The ufetubus hits Rocco.
The ufetubus hits Rocco but does no damage.
You hit the orc sorcerer but do no damage.
The orc sorcerer is heavily wounded.
Rocco misses the ufetubus.
The ufetubus hits Rocco.
The ufetubus closely misses Rocco.
You hit the orc sorcerer but do no damage.
The orc sorcerer is heavily wounded.
The ufetubus hits Rocco but does no damage.
The ufetubus hits Rocco.
Rocco closely misses the ufetubus.
You puncture the orc sorcerer!
The orc sorcerer is severely wounded.
The ufetubus closely misses Rocco.
The ufetubus hits Rocco.
You block the orc sorcerer's attack.
You hit the orc sorcerer but do no damage.
The orc sorcerer is severely wounded.
Rocco closely misses the ufetubus.
The ufetubus hits Rocco.
The ufetubus barely misses Rocco.
You hit the orc sorcerer.
The orc sorcerer is almost dead.
The ufetubus hits Rocco but does no damage. x2
The orc sorcerer hits you but does no damage.
Rocco hits the ufetubus with a +2 flail of protection.
You hit the orc sorcerer.
The orc sorcerer is almost dead.
The ufetubus closely misses Rocco.
The ufetubus hits Rocco but does no damage.
The orc sorcerer points at you and mumbles some strange words.
You resist with almost no effort.
Rocco barely misses the ufetubus.
You hit the orc sorcerer but do no damage.
The orc sorcerer is almost dead.
The ufetubus hits Rocco but does no damage. x2
The ynoxinul gestures.
You block the orc sorcerer's attack.
You hit the orc sorcerer.
You kill the orc sorcerer!
Beogh accepts your kill.
The ynoxinul disappears in a puff of smoke!
The ufetubus disappears in a puff of smoke! x5
Your orc looks more experienced.
Rocco looks more experienced.
Your orc wizard looks more experienced.
Your orc priest looks more experienced.
Rocco invokes the aid of Beogh against the ogre.
The ogre is smitten.
You hit the ogre.
The ogre is heavily wounded.
Rocco hits the ogre with a +2 flail of protection!
You puncture the ogre!
You kill the ogre!
Beogh accepts your kill.
No target in view!
Items here: ))) [ ††.
You see here a +2 dagger of venom.
Found 29 gold pieces.
The orc warrior stares at you in amazement and kneels.
A troll and an orc warrior come into view.
The troll shouts!
You hear two shouts!
Your orc wizard gestures wildly while chanting.
Your orc wizard flickers and vanishes for a moment.
Your orc priest begins to cast a cantrip, but forgets the words!
You closely miss the troll. You hit the troll but do no damage.
Your orc warrior hits the troll from afar with a +0 halberd!
The troll completely misses you. You block the troll's attack.
The troll claws you but does no damage.
Rocco closely misses the troll.
You completely miss the troll.
The troll is lightly wounded.
The troll bites you but does no damage. You block the troll's attack.
The troll barely misses you.
Your orc warrior hits the troll but does no damage.
You closely miss the troll.
The troll is lightly wounded.
You hit the troll but do no damage.
The troll is lightly wounded.
You block the troll's attack. x3
Your orc warrior hits the troll from afar with a +0 halberd!
Your orc wizard barely misses the troll.
Rocco mumbles some strange prayers to Beogh against the troll.
The troll is smitten.
You hit the troll.
The troll is severely wounded.
A two-headed ogre comes into view.
It is wielding a +0 giant spiked club and a +0 dire flail.
Your orc warrior barely misses the troll.
The troll misses you. You block the troll's attack. x2
Rocco calls down the wrath of Beogh upon the troll.
The troll writhes in agony!
The troll dies!
Beogh accepts your kill.
Beogh blesses Rocco with healing.
The troll leather armour is intact enough to wear.
Rocco looks more experienced.
Your orc wizard casts a spell at the two-headed ogre.
The two-headed ogre easily resists.
You swap places.
Things that are here:
a +0 troll leather armour; a troll corpse You swap places.
Your orc warrior hits the two-headed ogre with a +0 halberd!
You puncture the two-headed ogre!
The two-headed ogre is heavily wounded.
Your orc warrior hits the two-headed ogre with a +0 halberd.
The two-headed ogre hits your orc warrior with a +0 giant spiked club!
The two-headed ogre hits your orc warrior with a +0 dire flail.
Rocco calls down the wrath of Beogh upon the two-headed ogre.
The two-headed ogre is smitten.
Your orc priest hits the two-headed ogre with a +0 falchion!
You hit the two-headed ogre.
The two-headed ogre is almost dead.
You puncture the two-headed ogre!
You kill the two-headed ogre!
Beogh accepts your kill.
Your orc looks more experienced.
Rocco looks more experienced.
Your orc wizard looks more experienced.
Your orc priest looks more experienced.
You swap places.
You swap places.
You swap places.
You swap places.
You swap places.
Press: ? - help, v - describe, . - travel
Here: an orc priest, wielding a +0 falchion and wearing a +0 leather armour (friendly)
The floor.
Unknown command.
An ettin and a cyclops come into view.
The ettin is wielding a +0 dire flail and a +1 dire flail of holy wrath.
Found Vuphal's General Store.
A cyclops comes into view.
The cyclops shouts!
The cyclops throws a large rock.
You block the large rock.
Your orc wizard mumbles some strange words.
Your orc wizard flickers and vanishes for a moment.
You reach to attack!
You completely miss the cyclops.
Your orc warrior hits the cyclops from afar with a +0 halberd!!
You hit the cyclops.
The cyclops is heavily wounded.
Unknown command.
You puncture the cyclops!
The cyclops is almost dead.
Your orc warrior hits the cyclops from afar with a +0 halberd!
The cyclops dies!
Beogh accepts your kill.
Your orc warrior looks more experienced.
The cyclops throws a large rock.
The large rock hits you!
Things that are here:
3 large rocks; a cyclops corpse You puncture the cyclops!
The cyclops is moderately wounded.
Your orc warrior completely misses the cyclops.
Your orc hits the cyclops but does no damage.
You hit the cyclops.
The cyclops is moderately wounded.
Your orc warrior hits the cyclops from afar with a +0 halberd!!
The cyclops hits you!!
You hit the cyclops.
The cyclops is severely wounded.
Unknown command.
You puncture the cyclops!
The cyclops is almost dead.
Your orc warrior hits the cyclops from afar with a +0 halberd.
The cyclops dies!
Beogh accepts your kill.
Beogh blesses Milork with improved armour.
Milork looks more experienced.
Rocco looks braver for a moment.
You see here 4 large rocks.
Throw: 33 darts (poison)
Press: ? - help, Q - select action, (/) - cycle Shift-Dir - straight line, f - ettin
Aim: an ettin, wielding a +0 dire flail and a +1 dire flail of holy wrath (ally target, 83% to hit)
You throw a poisoned dart.
The poisoned dart barely misses the ettin.
Your orc wizard gestures at the ettin while chanting.
The ettin easily resists.
Throw: 32 darts (poison)
Press: ? - help, Q - select action, (/) - cycle Shift-Dir - straight line, f/p - ettin
Aim: an ettin, wielding a +0 dire flail and a +1 dire flail of holy wrath (not watching you, ally target, 83% to hit)
You throw a poisoned dart. The poisoned dart hits the ettin.
The ettin is poisoned.
Rocco begins to cast a cantrip, but forgets the words!
Your orc hits the fungus with a +0 dagger.
The fungus begins to die.
You reach to attack!
You barely miss the ettin.
Milork hits the ettin from afar with a +0 halberd!
Your orc wizard hits the ettin but does no damage.
You hit the ettin.
The ettin is moderately wounded.
Milork hits the ettin with a +0 halberd!
The ettin barely misses you. x2
Your orc wizard hits the ettin but does no damage.
Your orc completely misses the ettin.
Rocco hits the ettin with a +2 flail of protection!
You puncture the ettin!
The ettin is severely wounded.
Milork hits the ettin with a +0 halberd.
The ettin completely misses you. x2
You hit the ettin but do no damage.
The ettin is almost dead.
Your orc hits the ettin with a +0 dagger.
Rocco hits the ettin but does no damage.
Your orc wizard hits the ettin with a +0 dagger.
Your orc priest calls upon Beogh to heal Milork.
You hit the ettin but do no damage.
The ettin is almost dead.
Milork hits the ettin with a +0 halberd!
The ettin dies!
Beogh accepts your kill.
Milork looks more experienced.
You swap places.
A nearby fungus withers and dies.
Things that are here:
a +0 dire flail; a +1 dire flail of holy wrath; an ettin corpse
There is an entrance to Vuphal's General Store here.
Unknown command.
A cyclops comes into view.
Found Eschinipn's Antique Armour Shoppe.
You see here a poisoned dart.
An ettin comes into view.
It is wielding a +1 dire flail of holy wrath and a +0 great mace.
The ettin shouts in stereo!
Rocco calls upon Beogh to heal Milork.
Milork is healed somewhat.
An orc sorcerer comes into view. It is wielding a +0 dagger.
A malevolent force fills the Orcish Mines...
With a horrendous wail, an alarm goes off!
A sentinel's mark forms upon you.
You hear a shout! x5; You hear two shouts!
You hear a shout! x9
The orc sorcerer points at you and mumbles some strange words.
The bolt of fire hits you!!
Milork roars a battlecry!
Your orcs go into a battle-frenzy!
You reach to attack!
You barely miss the cyclops.
An orc priest comes into view. It is wielding a +0 whip.
An orc wizard comes into view. It is wielding a +0 dagger.
The orc wizard falls on its knees before you.
It shouts, "Surely Beogh must have sent you!"
Unknown command.
You barely miss the cyclops.
An orc warrior comes into view.
It is wielding a +0 glaive and wearing a +2 chain mail of willpower.
Your orc priest invokes the aid of Beogh against the cyclops.
The cyclops is smitten.
Your orc wizard hits the ettin but does no damage.
Unknown command.
You hit the ettin but do no damage. You block the cyclops's attack.
Unknown command.
You hit the ettin.
The ettin is lightly wounded.
The ettin barely misses you.
The ettin hits you with a +0 great mace!
Your orc priest looks braver for a moment.
Your orc wizard hits the ettin with a +0 dagger.
The cyclops hits you but does no damage.
You hit the ettin but do no damage.
The ettin is lightly wounded.
The ettin hits you with a +1 dire flail of holy wrath!!
You block the ettin's attack.
Something hits the orc sorcerer!
Your orc wizard hits the orc priest but does no damage.
Your orc wizard hits the ettin but does no damage.
Your orc priest hits the cyclops with a +0 falchion.
You puncture the ettin!
The ettin is lightly wounded.
The ettin misses you. x2; The orc warrior unwields a +0 glaive.
The orc warrior wields a +0 orcbow.
The orc warrior shoots an arrow.
The arrow barely misses your orc wizard.
The arrow hits the orc priest!
Your orc priest barely misses the cyclops.
Your orc wizard hits the ettin but does no damage.
The cyclops closely misses you.
You hit the ettin.
The ettin is moderately wounded.
Unknown command.
You hit the orc sorcerer but do no damage.
The orc sorcerer is moderately wounded.
The ettin hits you with a +1 dire flail of holy wrath!!
* * * LOW HITPOINT WARNING * * *
You block the ettin's attack.
The orc sorcerer points at you and mumbles some strange words.
The bolt of negative energy misses you.
Milork hits the ettin from afar with a +0 halberd!
Your orc priest hits the cyclops but does no damage.
Your orc wizard hits the ettin with a +0 dagger.
Rocco hits the cyclops with a +2 flail of protection!
The orc warrior shoots an arrow.
The arrow hits your orc wizard! The cyclops misses you.
The ettin completely misses your orc wizard.
The ettin misses your orc wizard.
Milork hits the ettin from afar with a +0 halberd!
Your orc wizard hits the orc priest but does no damage.
The orc sorcerer closely misses your orc wizard.
Rocco hits the cyclops with a +2 flail of protection.
Your orc wizard casts a spell at the cyclops.
The puff of flame hits the ettin.
Your orc priest hits the cyclops with a +0 falchion.
The orc warrior shoots an arrow.
The arrow hits your orc wizard.
Your orc wizard goes into a battle-frenzy!
The orc priest miscasts a cantrip.
The ettin barely misses your orc wizard.
The ettin hits your orc wizard with a +0 great mace!
The orc sorcerer hits your orc wizard with a +0 dagger.
The cyclops barely misses your orc priest.
Your orc priest hits the cyclops with a +0 falchion.
Your orc wizard barely misses the orc sorcerer.
Rocco hits the cyclops with a +2 flail of protection.
The orc warrior shoots an arrow.
The arrow hits your orc wizard.
You see here a poisoned dart.
Throw: 31 darts (poison)
Press: ? - help, Q - select action, (/) - cycle Shift-Dir - straight line, f/p - cyclops
Aim: a cyclops, quivering large rocks (almost dead, not watching you, ally target, 86% to hit)
You throw a poisoned dart. The poisoned dart hits the cyclops.
The cyclops is almost dead.
The ettin hits your orc wizard with a +1 dire flail of holy wrath!!
Your orc wizard dies!
Your orc wizard hits the cyclops with a +0 dagger.
Something hits the ettin.
The orc sorcerer gestures wildly while chanting.
Rocco hits the cyclops with a +2 flail of protection!
The cyclops dies!
Beogh accepts your kill.
Rocco looks more experienced.
Your orc priest hits the ettin with a +0 falchion!
The orc warrior shoots an arrow.
The arrow hits your orc wizard.
Your orc wizard dies!
Milork hits the ettin from afar with a +0 halberd!
The ettin dies!
Beogh accepts your kill.
Milork looks more experienced.
An ettin comes into view. It is wielding two +0 dire flails.
Your orc priest looks encouraged for a moment.
Milork hits something from afar with a +0 halberd!!
Rocco barely misses something.
Your orc priest no longer looks unusually strong.
Milork hits something with a +0 halberd!
The orc priest hits the fungus with a +0 whip.
The fungus begins to die.
Rocco begins to cast a cantrip, but forgets the words!
Your orc hits something with a +0 dagger.
Your orc priest hits the orc priest with a +0 falchion.
A cyclops comes into view.
Something closely misses Milork.
Milork barely misses the neqoxec.
The orc priest calls down the wrath of Beogh upon you.
Beogh smites you!
* * * LOW HITPOINT WARNING * * *
Your orc hits the neqoxec with a +0 dagger.
The neqoxec dies!
The neqoxec disappears in a puff of smoke!
Your orc priest barely misses the orc priest.
Rocco barely misses something.
Milork hits the orc priest from afar with a +0 halberd!
The orc priest dies!
Beogh accepts your kill.
Beogh appreciates your killing of a heretic priest.
The orc sorcerer gestures at you while chanting.
You resist with almost no effort.
A cyclops comes into view.
Things that are here:
a +0 dire flail; a +1 dire flail of holy wrath; an ettin corpse
Okay, then.
Unknown command.
As you read the scroll of teleportation, it crumbles to dust.
You feel strangely unstable.
A cyclops comes into view.
A nearby fungus withers and dies.
Beogh accepts your kill.
You feel a bit more experienced.
Your surroundings seem slightly different.
The ettin attacks as it pursues you! The ettin hits you but does no damage.
The ettin hits you with a +0 dire flail!!!
You die...

Skill      XL: |  1  2  3  4  5  6  7  8  9 10 11 12 13 14 15 |
---------------+----------------------------------------------+-----
Stealth        | 2 3 4 5 |  5.0
Fighting       | 1 2 3 4 5 6 8 10 | 10.9
Armour         | 2 4 5 6 7 9 10 | 10.8
Dodging        | 2 4 5 6 7 9 10 | 10.0
Polearms       | 6 10 12 13 14 | 14.0
Evocations     | 2 5 6 8 9 |  9.0
Shields        | 3 7 9 10 | 10.6
Invocations    | 7 10 | 10.0
Spellcasting   | 2 |  2.0
Necromancy     | |  4.0

Action                     |  1- 3 |  4- 6 |  7- 9 | 10-12 | 13-15 || total
---------------------------+-------+-------+-------+-------+-------++-------
  Melee: Unarmed           |     6 |       |       |       |       ||     6
         Punch             |     2 |     3 |     1 |     5 |       ||    11
         Dagger            |    29 |       |       |       |       ||    29
         Falchion          |     3 |    87 |    22 |       |       ||   112
         Short sword       |       |    18 |   218 |       |       ||   236
         Glaive            |       |       |    94 |       |       ||    94
         Spear             |       |       |    90 |    72 |       ||   162
         Halberd           |       |       |    68 |   469 |       ||   537
         Trident           |       |       |       |   644 |  2831 ||  3475
   Fire: Arbalest          |       |       |     8 |    24 |       ||    32
  Throw: Dart              |       |       |    19 |    54 |    67 ||   140
         Boomerang         |       |       |       |     2 |       ||     2
   Cast: Necrotise         |    52 |   125 |    27 |     6 |     2 ||   212
 Invoke: Convert to Beogh  |       |       |     1 |       |       ||     1
         Recall Orcish Fol |       |       |       |       |     2 ||     2
  Evoke: Wand              |       |       |     7 |     3 |    23 ||    33
    Use: Potion            |       |     3 |     3 |     3 |     1 ||    10
         Scroll            |       |       |     3 |    12 |     7 ||    22
   Stab: Sleeping          |     3 |     3 |     2 |     7 |    12 ||    27
         Distracted        |       |     1 |       |     2 |     4 ||     7
         Invisible         |       |       |       |     4 |     1 ||     5
         Paralysed         |       |       |       |       |     5 ||     5
 Armour: Robe              |    25 |       |       |       |       ||    25
         Leather armour    |       |    88 |   255 |       |       ||   343
         Ring mail         |       |       |   124 |       |       ||   124
         Skin              |       |       |     1 |       |       ||     1
         Swamp dragon scal |       |       |       |   488 |  1082 ||  1570
  Dodge: Dodged            |    25 |    77 |   412 |   673 |  1258 ||  2445
         Repelled          |       |       |       |     4 |     7 ||    11
  Block: Kite shield       |       |       |       |   135 |  1118 ||  1253

Levels and vault maps discovered:
D:1:      amcnicky_arrival_underground_garden, layout_basic
D:2:      layout_loops_cross, hellmonk_ecumenical_altar_inner_sanctum,
          serial_shops, shop
D:3:      layout_basic, lemuel_zombie_altar_yredelemnul, uniq_jessica
D:4:      layout_cave_pools, serial_column_ruins, column_ruins_hut,
          column_ruins_hut_pillars, column_ruins_columns_straight,
          column_ruins_grid_4, column_ruins_open_small, column_ruins_open_tiny,
          column_ruins_open_tiny, column_ruins_open_tiny, gammafunk_ghost_arena,
          lightli_sewer_entry_pipes, st_stairs_10, nicolae_the_louvre
D:5:      layout_loops_corners
D:6:      layout_basic, nicolae_dithmenos_shadow_blocks, serial_shops, shop,
          nicolae_shop_scrapyard, nicolae_shop_stone,
          nicolae_shop_bloodbath_and_beyond, shop, uniq_eustachio, uniq_maggie,
          uniq_grinder
D:7:      layout_basic, gammafunk_temple_overflow_elements,
          minmay_temple_entry_glass
D:8:      layout_basic, uniq_grum
D:9:      cheibrodos_fzero, layout_layer_cave, grunt_temple_overflow_octagram,
          mainiacjoe_overflow_cross_hatched, grunt_lair_entry_orc_guard_hut,
          serial_shops, nicolae_shop_statue_plus, nicolae_book_shop_shelving,
          nicolae_shop_crystal
D:10:     layout_rooms, serial_shops, nicolae_shop_hallway_stairs,
          uniq_nergalle, uniq_snorg
D:11:     layout_basic, nicolae_uskayaw_dance_studio
D:12:     layout_basic, serial_demonic, serial_demonic_d, serial_demonic_b,
          serial_demonic_e, serial_demonic_d, serial_demonic_a, serial_shops,
          nicolae_shop_tiny_glass
D:13:     layout_irregular_city, kennysheep_small_circle, uniq_josephine,
          uniq_lodul, uniq_nessos
Lair:1:   minmay_lair_oklob_chamber, layout_chaotic_city,
          gammafunk_ghost_wrathful_warriors, roderic_batcave
Lair:2:   lemuel_slime, layout_loops_ring, minmay_swamp_entry_worms,
          nicolae_snake_entry_warm_welcome, st_stairs_4,
          nicolae_quartered_pool_super, beast_lair_carwin_6, uniq_fannar
Lair:3:   layout_cave_pods, infiniplex_staircase_pool_2, serial_bayou_shore_b,
          grunt_megastairs_5
Lair:4:   layout_cave_pods, nicolae_lair_liquid_snakes, serial_bayou_shore_a
Lair:5:   grunt_lair_end_beastmaster, layout_big_grid, slime_entry_1,
          small_statue_intersection, uniq_sonja
Orc:1:    layout_caves, basic_altar, uniq_gastronok
Orc:2:    grunt_orc_gardens, layout_caves, grunt_orc_garden, grunt_orc_garden,
          grunt_orc_garden, grunt_orc_garden

Notes
Turn   | Place    | Note
-------+----------+-------------------------------------------
     0 | D:1      | scionoferis the Hill Orc Necromancer began the quest for
                  | the Orb.
     0 | D:1      | Reached XP level 1. HP: 14/14 MP: 3/3
   102 | D:1      | Reached XP level 2. HP: 21/22 MP: 0/4
   170 | D:1      | Reached skill level 2 in Stealth
   173 | D:1      | Reached skill level 1 in Fighting
   502 | D:1      | Reached XP level 3. HP: 28/28 MP: 3/5
  1115 | D:2      | Reached skill level 2 in Fighting
  1151 | D:2      | Found Roegyd's Jewellery Shoppe.
  1537 | D:2      | Reached XP level 4. HP: 37/37 MP: 3/6
  1925 | D:2      | Found a faded altar of an unknown god.
  2241 | D:3      | Reached skill level 3 in Stealth
  2287 | D:3      | Reached skill level 3 in Fighting
  2627 | D:3      | Noticed Jessica
  2661 | D:3      | Killed Jessica
  2662 | D:3      | Reached XP level 5. HP: 36/45 MP: 7/7
  3036 | D:3      | Found a basalt altar of Yredelemnul.
  3278 | D:4      | Reached skill level 4 in Fighting
  3299 | D:4      | Found a glowing drain.
  3323 | Sewer    | Entered a sewer
  3459 | Sewer    | Reached XP level 6. HP: 44/53 MP: 8/8
  3463 | Sewer    | Reached skill level 4 in Stealth
  3667 | Sewer    | Reached skill level 5 in Fighting
  4526 | D:4      | Reached XP level 7. HP: 61/61 MP: 9/9
  4593 | D:4      | Found a transporter.
  4598 | D:4      | Noticed ratmeat3's ghost (amateur TrSh)
  4602 | D:4      | Found a transporter.
  4904 | D:5      | Entered Level 5 of the Dungeon
  5196 | D:5      | Reached skill level 6 in Fighting
  5196 | D:5      | Reached skill level 5 in Stealth
  5406 | D:5      | Reached skill level 1 in Armour
  5406 | D:5      | Reached skill level 2 in Dodging
  6046 | D:5      | Reached skill level 2 in Armour
  6115 | D:5      | Reached XP level 8. HP: 52/71 MP: 10/10
  6304 | D:5      | Reached skill level 7 in Fighting
  6564 | D:6      | Noticed Eustachio
  6590 | D:6      | Found Amiulum's Antique Armour Boutique.
  6596 | D:6      | Bought a pair of runed gloves for 180 gold pieces
  6691 | D:6      | Found a shadowy altar of Dithmenos.
  6822 | D:6      | Found Hoag's Antique Armour Shop.
  6920 | D:6      | Reached skill level 3 in Armour
  6920 | D:6      | Reached skill level 3 in Dodging
  6921 | D:6      | Found Nudiest's Armour Boutique.
  7017 | D:6      | Noticed Maggie
  7115 | D:6      | Found Tammow's Jewellery Boutique.
  7291 | D:6      | Found Ata Sep's Weapon Shoppe.
  7298 | D:6      | Bought a throwing net for 42 gold pieces
  8288 | D:7      | Found a staircase to the Ecumenical Temple.
  8300 | D:7      | Reached skill level 8 in Fighting
  8300 | D:7      | Reached skill level 4 in Armour
  8635 | D:7      | Found an iron altar of Okawaru.
  8635 | D:7      | Found a shimmering blue altar of Sif Muna.
  9040 | D:7      | Reached skill level 4 in Dodging
  9101 | D:7      | Reached XP level 9. HP: 52/74 MP: 11/11
  9343 | D:4      | Killed ratmeat3's ghost
  9344 | D:4      | Reached skill level 5 in Armour
  9716 | D:8      | Reached skill level 1 in Polearms
  9790 | D:8      | Reached skill level 9 in Fighting
  9927 | D:8      | Reached skill level 2 in Polearms
  9986 | D:8      | Killed Eustachio
 10221 | D:8      | Reached skill level 3 in Polearms
 10367 | D:8      | Reached skill level 5 in Dodging
 10427 | D:8      | Reached skill level 4 in Polearms
 10857 | D:8      | Became a worshipper of Beogh the Brigand
 11149 | D:8      | Noticed Grum
 11175 | D:8      | Reached skill level 5 in Polearms
 11185 | D:8      | HP: 5/85 [Grum/-1 heavy spear (9)]
 11187 | D:8      | Killed Grum
 11190 | D:8      | Reached skill level 10 in Fighting
 11193 | D:8      | HP: 6/85 [wolf[Grum] (6)]
 11206 | D:8      | Reached skill level 6 in Polearms
 11710 | D:6      | Maggie changed into Maggie the ogre
 11710 | D:6      | Noticed Maggie
 11720 | D:6      | Killed Maggie the ogre
 11721 | D:6      | Reached XP level 10. HP: 93/93 MP: 10/12
 11797 | D:6      | Noticed Grinder
 11816 | D:6      | Killed Grinder
 11817 | D:6      | Reached skill level 7 in Polearms
 11888 | D:6      | Bought a pair of runed boots for 180 gold pieces
 11983 | D:9      | Identified a scroll of acquirement
 12031 | D:9      | Found a staircase to the Orcish Mines.
 12099 | D:9      | Reached skill level 8 in Polearms
 12135 | D:9      | Reached skill level 9 in Polearms
 12355 | D:9      | Found an ornate altar of the Wu Jian Council.
 12427 | D:9      | Noticed a two-headed ogre
 12443 | D:9      | Killed a two-headed ogre
 12444 | D:9      | Reached skill level 1 in Evocations
 12555 | D:9      | Noticed a death knight
 12606 | D:9      | Reached * piety under Beogh
 12720 | D:9      | Reached skill level 2 in Evocations
 12865 | D:9      | Noticed a two-headed ogre
 12898 | D:9      | Killed a two-headed ogre
 12899 | D:9      | Reached skill level 10 in Polearms
 12899 | D:9      | Reached skill level 6 in Armour
 12899 | D:9      | Reached XP level 11. HP: 97/99 MP: 13/13
 12905 | D:9      | Killed a death knight
 12906 | D:9      | Reached skill level 3 in Evocations
 13149 | D:9      | Noticed a two-headed ogre
 13157 | D:9      | Noticed a soul eater
 13536 | D:9      | Noticed a two-headed ogre
 13553 | D:9      | Killed a two-headed ogre
 13554 | D:9      | Reached skill level 6 in Dodging
 13726 | D:9      | Found Zenoz's Jewellery Shop.
 13764 | D:9      | Found Xeocot's Armour Emporium.
 13800 | D:9      | Reached skill level 11 in Polearms
 13896 | D:9      | Found Teaqa's Book Boutique.
 13908 | D:9      | Killed a two-headed ogre
 13909 | D:9      | Reached skill level 4 in Evocations
 14124 | D:9      | Found a staircase to the Lair.
 14432 | D:9      | Found a white marble altar of Elyvilon.
 14433 | D:9      | Found a bloodstained altar of Trog.
 14439 | D:9      | Found a glowing golden altar of the Shining One.
 14445 | D:9      | Found an ancient bone altar of Kikubaaqudgha.
 14449 | D:9      | Found a radiant altar of Vehumet.
 14455 | D:9      | Found a sacrificial altar of Ru.
 14459 | D:9      | Found a stormy altar of Qazlal.
 14579 | D:9      | Reached skill level 7 in Armour
 14699 | D:10     | Entered Level 10 of the Dungeon
 14714 | D:10     | Noticed a sixfirhy
 14716 | D:10     | Noticed a soul eater
 14784 | D:10     | Reached ** piety under Beogh
 15008 | D:10     | Noticed Snorg
 15055 | D:10     | Killed Snorg
 15060 | D:10     | Reached skill level 12 in Polearms
 15068 | D:10     | Reached skill level 5 in Evocations
 15180 | D:10     | Reached XP level 12. HP: 101/106 MP: 12/14
 15259 | D:10     | Noticed Nergalle
 15455 | D:10     | Found Apler's Armour Boutique.
 15967 | D:10     | Reached skill level 8 in Armour
 16191 | D:9      | Gained mutation: Your body sometimes deteriorates upon
                  | taking damage. [potion of mutation]
 16192 | D:9      | Lost mutation: Your body sometimes deteriorates upon taking
                  | damage. [potion of mutation]
 16192 | D:9      | Gained mutation: Your spells are a little harder to cast,
                  | but a little more powerful. [potion of mutation]
 16425 | D:11     | Reached skill level 7 in Dodging
 16483 | D:11     | Upgraded the game from 0.31-a0-803-g95b03c3367 to
                  | 0.31-a0-806-g0bc164a743
 16561 | D:11     | Found a hide-covered altar of Uskayaw.
 16584 | D:11     | Reached *** piety under Beogh
 16746 | D:11     | Noticed a boulder beetle
 16769 | D:11     | Killed a boulder beetle
 17365 | D:11     | Reached skill level 6 in Evocations
 17415 | D:12     | Reached skill level 13 in Polearms
 17889 | D:12     | Found Cejorgh's Distillery.
 17905 | D:12     | Bought a potion of might for 64 gold pieces
 17905 | D:12     | Bought a potion of degeneration for 16 gold pieces
 17911 | D:12     | Noticed a soul eater
 17923 | D:12     | Noticed a soul eater
 17955 | D:12     | Reached skill level 1 in Shields
 18262 | D:12     | Noticed a boulder beetle
 18299 | D:12     | Killed a boulder beetle
 18869 | D:12     | Reached skill level 2 in Shields
 19630 | D:13     | Noticed Nessos
 19681 | D:13     | Reached skill level 9 in Armour
 19692 | D:13     | Noticed a centaur warrior
 20021 | D:13     | Noticed a seven-headed hydra
 20093 | D:13     | Noticed Lodul
 20154 | D:13     | Noticed Josephine
 20173 | D:12     | Reached skill level 3 in Shields
 20317 | Lair:1   | Entered Level 1 of the Lair of Beasts
 20347 | Lair:1   | Found a bloodstained altar of Trog.
 20348 | Lair:1   | Noticed Shayle's ghost (journeyman OgHs)
 20353 | Lair:1   | Found a transporter.
 20435 | Lair:1   | Reached XP level 13. HP: 105/113 MP: 15/15
 20468 | Lair:1   | Reached skill level 14 in Polearms
 20640 | Lair:1   | Reached skill level 1 in Invocations
 20825 | Lair:1   | Reached skill level 4 in Shields
 21061 | Lair:1   | Found a transporter.
 21202 | Lair:1   | Reached skill level 2 in Invocations
 21225 | Lair:2   | Noticed Fannar
 21305 | Lair:2   | Reached skill level 8 in Dodging
 21968 | Lair:2   | Reached skill level 3 in Invocations
 22085 | Lair:2   | Reached **** piety under Beogh
 22481 | Lair:2   | Reached skill level 5 in Shields
 22780 | Lair:2   | Reached skill level 10 in Armour
 22780 | Lair:2   | Reached skill level 4 in Invocations
 23116 | Lair:2   | Killed Fannar
 23427 | Lair:2   | Found a staircase to the Swamp.
 23595 | Lair:2   | Found a staircase to the Snake Pit.
 23621 | Lair:2   | Reached skill level 5 in Invocations
 24269 | Lair:2   | Reached skill level 6 in Shields
 24673 | Lair:3   | Reached ***** piety under Beogh
 24808 | Lair:3   | Reached skill level 6 in Invocations
 25073 | Lair:3   | Reached skill level 9 in Dodging
 25508 | Lair:3   | Reached skill level 7 in Shields
 25508 | Lair:3   | Reached skill level 7 in Invocations
 25792 | Lair:3   | Reached XP level 14. HP: 104/121 MP: 16/19
 26900 | Lair:4   | Reached skill level 8 in Invocations
 27417 | Lair:4   | Reached skill level 8 in Shields
 27462 | Lair:4   | Reached skill level 7 in Evocations
 27858 | Lair:4   | Identified the +8 short sword of Ugraeth {freeze, rF+
                  | rCorr}
 28611 | Lair:4   | Reached skill level 9 in Invocations
 29036 | Lair:5   | Entered Level 5 of the Lair of Beasts
 29528 | Lair:5   | Found a staircase to the Slime Pits.
 29528 | Lair:5   | Found a viscous altar of Jiyva.
 29804 | Lair:5   | Reached skill level 10 in Dodging
 30155 | Lair:5   | Reached skill level 9 in Shields
 30199 | Lair:5   | Noticed Sonja
 30202 | Lair:5   | Sonja changed into Sonja the scorpion
 30202 | Lair:5   | Noticed Sonja
 30246 | Lair:5   | Killed Sonja the scorpion
 30256 | Lair:5   | Reached skill level 8 in Evocations
 30510 | Lair:5   | Reached skill level 10 in Invocations
 31750 | Lair:5   | Reached XP level 15. HP: 108/126 MP: 19/22
 32287 | Lair:5   | Reached skill level 2 in Spellcasting
 32415 | Lair:5   | Reached skill level 10 in Shields
 32790 | Lair:5   | Reached skill level 9 in Evocations
 33518 | Orc:1    | Entered Level 1 of the Orcish Mines
 33532 | Orc:1    | Reached ****** piety under Beogh
 33534 | Orc:1    | Gained Ortolf as an ally
 33605 | Orc:1    | Noticed an orc warlord
 33615 | Orc:1    | Noticed Gastronok
 33791 | D:9      | Killed an orc warlord
 34058 | Orc:1    | Gained Gorm as an ally
 34079 | Orc:1    | Killed Gastronok
 34103 | Orc:1    | Found a roughly hewn altar of Beogh.
 34521 | Orc:2    | Entered Level 2 of the Orcish Mines
 34521 | Orc:2    | Found a staircase to the Elven Halls.
 34608 | Orc:2    | Gained Rocco as an ally
 34704 | Orc:2    | Found Vuphal's General Store.
 34715 | Orc:2    | Gained Milork as an ally
 34729 | Orc:2    | Found Eschinipn's Antique Armour Shoppe.
 34753 | Orc:2    | Slain by an ettin

Vanquished Creatures
  An orc warlord (D:9)
  A dire elephant (Lair:5)
  Snorg (D:10)
  3 hydras (Lair:2 Lair:4)
  Fannar (Lair:2)
  A catoblepas (Lair:5)
  A death knight (D:9)
  5 two-headed ogres (D:9 Orc:2)
  3 death yaks (Lair:5)
  2 boulder beetles (D:11 D:12)
  A deep troll shaman (Lair:5)
  A skyshark (Lair:4)
  2 lindwurms (Lair:2 Lair:5)
  A deep elf pyromancer (D:11)
  An ugly thing (D:11)
  An orc sorcerer (Orc:2)
  A manticore (D:12)
  A salamander (Lair:2)
  34 elephants (Lair:3 Lair:4 Lair:5)
  4 black mambas (Lair:2 Lair:5)
  2 gargoyles (D:12 D:13)
  2 orange demons (D:12)
  15 cane toads (Lair:1 Lair:2 Lair:3 Lair:4 Lair:5)
  5 kobold demonologists (D:9 D:10 D:11)
  3 rime drakes (Lair:1 Lair:4)
  7 komodo dragons (D:10 D:11 Lair:2 Lair:3 Lair:4)
  A hellwing (D:12)
  3 tyrant leeches (Lair:2)
  2 polar bears (Lair:5)
  4 trolls (D:9 D:11 D:12)
  A hornet (D:10)
  38 blink frogs (Lair:1 Lair:2 Lair:3 Lair:4 Lair:5)
  Grinder (D:6)
  5 dream sheep (Lair:5)
  A shadow (D:11)
  2 ynoxinuls (D:12)
  A slime creature (Lair:2)
  5 wraiths (D:11 D:13 D:12)
  A wyvern (Lair:3)
  43 yaks (D:9 D:10 Lair:3 Lair:4 Lair:5)
  The ghost of ratmeat3 the Ruffian, an amateur TrSh of Okawaru (D:4)
  Eustachio (D:8)
  6 basilisks (D:12 Lair:1 Lair:3)
  A fire elemental (Lair:4)
  Grum (D:8)
  4 acid dragons (D:9 D:11 D:13)
  6 wargs (Orc:1 D:9 Orc:2)
  13 water moccasins (D:9 Lair:1 Lair:2 Lair:3 Lair:4)
  A swamp worm (Lair:2)
  6 black bears (D:9 Lair:2 Lair:3 Lair:5)
  5 orc warriors (D:8 D:9 D:10 Orc:1)
  2 ice beasts (D:7 D:8)
  22 wolves (D:8 Lair:1 Lair:2 Lair:3 Lair:5)
  9 ogres (D:4 D:5 D:7 D:6 D:13)
  2 centaurs (D:9 D:12)
  2 phantoms (D:5)
  5 kobold brigands (Sewer D:9 D:10 D:11)
  14 bullfrogs (D:6 D:7 D:9 Lair:1 Lair:2)
  A gnoll sergeant (D:9)
  4 scorpions (D:4 D:5 D:9 Lair:5)
  16 wights (D:7 D:9 D:10)
  19 killer bees (D:8 D:9)
  7 howler monkeys (D:8 D:9 D:11 D:12)
  6 electric eels (Lair:2 Lair:4)
  5 lava snakes (Lair:2 Lair:4)
  3 quasits (D:12)
  2 hounds (D:5 D:6)
  A gnoll bouda (D:8)
  5 jellies (Lair:2)
  A scorpion zombie (D:3)
  Jessica (D:3)
  A sleepcap (D:6)
  7 orc wizards (D:9 Orc:1 Orc:2)
  8 gnolls (D:8 Orc:1)
  12 adders (D:2 D:3 D:4 Sewer D:5)
  5 river rats (D:4 Sewer)
  A shadow imp (D:7)
  2 white imps (D:5 D:7)
  An ufetubus (D:5)
  5 worms (D:3 D:4 D:5)
  A dart slug (D:1)
  17 orcs (D:7 D:8 D:9 D:10)
  16 bats (D:1 D:2 D:3 Lair:1)
  26 endoplasms (D:1 D:2 D:3 D:4 Lair:2)
  7 giant cockroaches (D:1 D:2 D:3)
  2 goblins (D:1)
  3 hobgoblins (D:2 D:4)
  6 jackals (D:2 Sewer)
  A quokka (D:1)
  11 ball pythons (D:1 D:2 D:3 Sewer D:4)
  9 frilled lizards (D:1 D:2 D:3 Sewer)
  16 kobolds (D:2 D:3 D:4 D:10 D:11)
  A quokka zombie (D:3)
  15 rats (D:1 D:2 D:3 D:4 Sewer)
553 creatures vanquished.

Vanquished Creatures (collateral kills)
  Gastronok (Orc:1)
  2 ettins (Orc:2)
  3 cyclopes (Orc:2)
  A troll (Orc:2)
  A warg (Orc:1)
  3 orc warriors (Orc:1 Orc:2)
  An ogre (D:9)
  3 orc priests (Orc:1 Orc:2)
  A gnoll bouda (Orc:1)
  An orc wizard (D:9)
  A gnoll (Orc:1)
  An adder (D:4)
  3 orcs (Orc:1)
  A ball python (D:3)
  An endoplasm (D:1)
  A goblin (D:1)
  A jackal (Sewer)
  A bat (Lair:1)
  2 frilled lizards (Sewer)
  A kobold (D:1)
  A rat (Sewer)
31 creatures vanquished.

Vanquished Creatures (others)
  A kobold demonologist (D:9)
  An orc warrior (Orc:1)
  6 orc wizards (Lair:1 Lair:5 Orc:1 Orc:2)
  2 orc priests (D:8 Lair:1)
  15 orcs (Lair:5 Orc:1 Orc:2)
25 creatures vanquished.

Grand Total: 609 creatures vanquished

Table legend: (Time is in decaauts)
 A = Elapsed time spent in this place.
 B = Non-inter-level travel time spent in this place.
 C = Inter-level travel time spent in this place.
 D = Time resting spent in this place.
 E = Time spent auto-exploring this place.
 F = Levels seen in this place.
 G = Mean time per level.
                   A        B        C        D        E       F      G
               +--------+--------+--------+--------+--------+-----+--------+
         Total |  34292 |  32354 |   1938 |   8849 |  12545 |  21 | 1633.0 |
       Dungeon |  19816 |  18495 |   1321 |   4464 |   8121 |  13 | 1524.3 |
          Lair |  12568 |  11960 |    608 |   4046 |   3631 |   5 | 2513.6 |
  Orcish Mines |    817 |    808 |      9 |    102 |    343 |   2 |  408.5 |
         Sewer |   1089 |   1089 |      0 |    236 |    449 |   1 | 1089.0 |
               +--------+--------+--------+--------+--------+-----+--------+

Top non-repeatable levels by time:
  Lair:5: 3594 daAuts
     D:9: 3330 daAuts
  Lair:4: 2627 daAuts
  Lair:2: 2592 daAuts
     D:8: 2329 daAuts
  Lair:3: 2175 daAuts
     D:6: 1718 daAuts
    D:12: 1624 daAuts
  Lair:1: 1579 daAuts
     D:5: 1477 daAuts
    D:10: 1441 daAuts
    D:11: 1390 daAuts
     D:7: 1309 daAuts
     D:4: 1283 daAuts
     D:3: 1270 daAuts

Table legend:
 A = Non-vault XP
 B = Vault XP
 C = Vault XP percentage of total XP
 D = Non-vault monster count
 E = Vault monster count
 F = Vault count percentage of total count
                 A         B        C        D         E       F
            +---------+---------+-------+---------+---------+-------
      Total |   72289 |   28227 |  28.1 |     416 |     169 |  28.9
            +---------+---------+-------+---------+---------+-------
        D:1 |      46 |       0 |   0.0 |      28 |       0 |   0.0
        D:2 |      57 |       0 |   0.0 |      20 |       0 |   0.0
        D:3 |      45 |      77 |  63.1 |      19 |       3 |  13.6
        D:4 |     213 |     304 |  58.8 |      10 |      17 |  63.0
        D:5 |     611 |       0 |   0.0 |      10 |       0 |   0.0
        D:6 |     181 |     372 |  67.3 |       4 |       2 |  33.3
        D:7 |     952 |       0 |   0.0 |      14 |       0 |   0.0
        D:8 |    1076 |     833 |  43.6 |      30 |       6 |  16.7
        D:9 |    5579 |    5652 |  50.3 |      40 |      21 |  34.4
       D:10 |    5100 |     911 |  15.2 |      29 |       1 |   3.3
       D:11 |    3983 |     107 |   2.6 |      12 |       6 |  33.3
       D:12 |    3072 |    2150 |  41.2 |      11 |      10 |  47.6
       D:13 |     931 |     228 |  19.7 |       4 |       2 |  33.3
     Lair:1 |    3965 |     156 |   3.8 |      17 |       7 |  29.2
     Lair:2 |    6619 |    4253 |  39.1 |      26 |      39 |  60.0
     Lair:3 |    9078 |    2034 |  18.3 |      35 |       5 |  12.5
     Lair:4 |   15909 |     208 |   1.3 |      44 |       4 |   8.3
     Lair:5 |   12410 |    7610 |  38.0 |      37 |      17 |  31.5
      Orc:1 |     771 |     990 |  56.2 |      17 |       1 |   5.6
      Orc:2 |    1691 |    2129 |  55.7 |       9 |       5 |  35.7
      Sewer |       0 |     213 | 100.0 |       0 |      23 | 100.0
            +---------+---------+-------+---------+---------+-------
